 Dungeon Crawl Stone Soup version 0.31-a0-4-gefa6de2278 (webtiles) character file.

Game seed: 16911787524479146688

222 garrulousMonolith the Poker (level 5, 0/37 HPs)
             Began as an Octopode Fighter on May 3, 2023.
             Was a Follower of Elyvilon.
             Constricted to death by a ball python (1 damage)
             ... on level 3 of the Dungeon.
             The game lasted 00:03:03 (2505 turns).

garrulousMonolith the Poker (Octopode Fighter)      Turns: 2505, Time: 00:03:04

Health: 0/37       AC:  1    Str: 15      XL:     5   Next: 99%
Magic:  5/5        EV: 11    Int:  9 (10) God:    Elyvilon [*.....]
Gold:   80         SH:  6    Dex: 20      Spells: 4/4 levels left

rFire   . . .        a - +0 trident
rCold   . . .        b - +0 buckler
rNeg    . . .        (helmet restricted)
rPois   .            (no amulet)
rElec   .            m - +6 ring of dexterity
rCorr   .            (no ring)
SInv    .            (no ring)
Will    .....        (no ring)
Stlth   ++++         (no ring)
HPRegen 0.26/turn    (no ring)
MPRegen 0.09/turn    (no ring)
                     (no ring)

%: no passive effects
@: attractive, constricted
A: almost no armour, amphibious, 8 rings, camouflage 1, gelatinous body 1,
(nimble swimmer 1), tentacles
a: Renounce Religion, Purification


You were on level 3 of the Dungeon.
You worshipped Elyvilon.
Elyvilon was aware of your devotion.
You visited 1 branch of the dungeon, and saw 3 of its levels.

You collected 80 gold pieces.

Inventory:

Hand Weapons
 a - a +0 trident (weapon)
Armour
 b - a +0 buckler (worn)
Jewellery
 m - a +6 ring of dexterity (left tentacle)
Wands
 p - a wand of paralysis (13)
Scrolls
 d - 3 scrolls of teleportation
 f - a scroll of fear {unknown}
 i - a scroll of noise {unknown}
 j - a scroll of magic mapping {unknown}
 l - 2 scrolls of identify {unknown}
 n - a scroll of brand weapon {unknown}
Potions
 c - 2 potions of might
 e - a potion of flight
 h - a potion of haste {unknown}
 k - a potion of magic {unknown}
 o - a potion of heal wounds {unknown}


   Skills:
 + Level 3.7 Fighting
 * Level 3.8 Polearms
 + Level 3.7 Dodging
 + Level 3.0 Stealth
 + Level 3.7 Shields


You had 4 spell levels left.
You didn't know any spells.
Your spell library contained the following spells:

 Spells                   Type           Power      Damage    Failure   Level
 Gell's Gravitas          Tloc           0%         N/A       85%         3
 Teleport Other           Tloc           0%         N/A       85%         3
 Dispersal                Tloc           0%         N/A       100%        6


Dungeon Overview and Level Annotations

Branches:
Dungeon (3/15)

Altars:
Elyvilon
Hepliaklqana
Sif Muna

Annotations:
D:3 Terence


Innate Abilities, Weirdness & Mutations

You cannot wear most types of armour.
You are amphibious.
You can wear up to eight rings at the same time.
Your skin changes colour to match your surroundings (Stealth+).
Your rubbery body absorbs attacks. (AC +1, EV +1)
((You are camouflaged when in or above water. (Stealth+)))
You have tentacles for arms and can constrict up to eight enemies at once.


Message History

* * * LOW HITPOINT WARNING * * *
The hobgoblin misses you.
A ball python comes into view.
The goblin shoots a sling bullet.
The sling bullet misses you. You block the goblin's attack.
Items here: ) [[ †.
You closely miss the hobgoblin.
The ball python hisses angrily.
Your grab misses the hobgoblin.
The hobgoblin is heavily wounded.
The goblin no longer looks unusually strong.
You block the hobgoblin's attack.
You hit the hobgoblin.
You kill the hobgoblin!
The goblin shoots a sling bullet.
The sling bullet barely misses you. You block the goblin's attack.
You closely miss the goblin. You grab the goblin. You constrict the goblin.
The goblin shoots a sling bullet.
The sling bullet barely misses you. The goblin hits you with a +0 dagger.
* * * LOW HITPOINT WARNING * * *
You hit the goblin.
You kill the goblin!
The goblin no longer looks unusually strong.
The ball python misses you. The ball python grabs you.
The ball python constricts you.
* * * LOW HITPOINT WARNING * * *
The goblin shoots a sling bullet.
The sling bullet hits you.
* * * LOW HITPOINT WARNING * * *
The ball python bites you.
* * * LOW HITPOINT WARNING * * *
The ball python constricts you.
* * * LOW HITPOINT WARNING * * *
The goblin shoots a sling bullet.
The sling bullet barely misses you.
Your Stealth skill increases to level 3!
It was a potion of attraction.
You feel attractive to monsters. The ball python bites you.
* * * LOW HITPOINT WARNING * * *
The ball python constricts you.
You die...

########........# o......
..).............# #......
................# #.####
.........gg.....# #
.........gg.....# #
........@g.....## ####
...............# .##..
.......S############.##..
.......÷@)g)..........#..
...$....)))...........#..
......................#..
......................#..
......................#..
......................#).
......................#..
#####................#..
.......#######.##..


You could see a goblin and a ball python.

Vanquished Creatures
  Jessica (D:3)
  Natasha (thrice) (D:2)
  An orc wizard (D:3)
  Robin (D:3)
  3 worms
  2 dart slugs (D:1)
  2 orcs (D:3)
  7 endoplasms
  A giant cockroach (D:1)
  11 goblins
  8 hobgoblins
  4 jackals (D:3)
  3 quokkas
  7 ball pythons
  5 bats
  3 frilled lizards
  3 kobolds
  4 rats
69 creatures vanquished.

Notes
Turn   | Place    | Note
-------+----------+-------------------------------------------
     0 | D:1      | garrulousMonolith the Octopode Fighter began the quest for
                  | the Orb.
     0 | D:1      | Reached XP level 1. HP: 16/16 MP: 1/1
   122 | D:1      | Reached XP level 2. HP: 7/21 MP: 2/2
   314 | D:1      | Found a faded altar of an unknown god.
   316 | D:1      | Reached skill level 1 in Stealth
   345 | D:1      | Prayed at the altar of an unknown god.
   345 | D:1      | Became a worshipper of Sif Muna the Loreminder
   345 | D:1      | Reached * piety under Sif Muna
   660 | D:1      | Reached XP level 3. HP: 26/26 MP: 3/3
  1205 | D:2      | Noticed Natasha
  1209 | D:2      | Killed Natasha
  1210 | D:2      | Reached XP level 4. HP: 31/31 MP: 4/4
  1229 | D:2      | Found a white marble altar of Elyvilon.
  1239 | D:2      | Fell from the grace of Sif Muna
  1239 | D:2      | Became a worshipper of Elyvilon the Healer
  1356 | D:2      | Noticed Natasha
  1365 | D:2      | Killed Natasha
  1487 | D:2      | Noticed Natasha
  1497 | D:2      | Killed Natasha
  1498 | D:2      | Reached XP level 5. HP: 22/36 MP: 5/5
  1904 | D:3      | Found a hazy altar of Hepliaklqana.
  2076 | D:3      | Noticed Jessica
  2084 | D:3      | Killed Jessica
  2222 | D:3      | Noticed Terence
  2223 | D:3      | Reached * piety under Elyvilon
  2223 | D:3      | Noticed Robin
  2499 | D:3      | Killed Robin
  2505 | D:3      | HP: 1/37 [ball python (1)]
  2505 | D:3      | Constricted to death by a ball python

Illustrated notes

Levels and vault maps discovered:
D:1:      lemuel_arrival_lava_pool, layout_basic,
          shapermc_ecumenical_altar_acropolis, chequers_serial_rivers_room_a
D:2:      layout_loops_ring, basic_altar, uniq_natasha
D:3:      layout_basic, overflow_temple_1_default, uniq_jessica, uniq_robin,
          uniq_terence

Skill      XL: |  1  2  3  4  5 |
---------------+----------------+-----
Stealth        | 1 2 3 |  3.0
Polearms       | 3 |  3.8
Fighting       | |  3.7
Dodging        | |  3.7
Shields        | |  3.7

Action                     |  1- 3 |  4- 6 || total
---------------------------+-------+-------++-------
  Melee: Trident           |    72 |    82 ||   154
         Constrict         |    10 |    15 ||    25
         Tentacles         |     7 |    16 ||    23
    Use: Scroll            |       |     2 ||     2
         Potion            |       |     2 ||     2
   Stab: Sleeping          |    10 |    11 ||    21
 Armour: Skin              |     5 |     5 ||    10
  Dodge: Dodged            |    21 |    52 ||    73
  Block: Buckler           |    10 |    18 ||    28

Table legend: (Time is in decaauts)
 A = Elapsed time spent in this place.
 B = Non-inter-level travel time spent in this place.
 C = Inter-level travel time spent in this place.
 D = Time resting spent in this place.
 E = Time spent auto-exploring this place.
 F = Levels seen in this place.
 G = Mean time per level.
                   A        B        C        D        E       F      G
               +--------+--------+--------+--------+--------+-----+--------+
         Total |   2542 |   2354 |    188 |    376 |   1493 |   3 |  847.3 |
       Dungeon |   2542 |   2354 |    188 |    376 |   1493 |   3 |  847.3 |
               +--------+--------+--------+--------+--------+-----+--------+

Top non-repeatable levels by time:
     D:1: 1022 daAuts
     D:2: 890 daAuts
     D:3: 630 daAuts
